 Dungeon Sprint DCSS version 0.28-a0-697-g47f3eba078 (webtiles) character file.

Game seed: 16823645451680320852

294 anonymouscript the Cleaver (level 6, -2/64 HPs)
             Began as a Hill Orc Fighter on Oct 24, 2021.
             Slain by a human (4 damage)
             ... in the Dungeon (Sprint III: "The Ten Rune Challenge").
             The game lasted 00:06:25 (690 turns).

anonymouscript the Cleaver (Hill Orc Fighter)        Turns: 690, Time: 00:06:26

Health: -2/64      AC:  7    Str: 21    XL:     6   Next: 33%
Magic:  6/6        EV:  9    Int:  8    God:
Gold:   26         SH:  5    Dex: 10    Spells: 5/5 levels left

rFire   . . .      SeeInvis .   a - +0 war axe
rCold   . . .      Faith    .   c - +0 buckler
rNeg    . . .      Spirit   .   b - +0 scale mail
rPois   .          Reflect  .   (helmet restricted)
rElec   .          Harm     .   (no cloak)
rCorr   .          Rampage  .   (no gloves)
Will    .....      NoTele   +   (no boots)
Stlth   ..........              (no amulet)
HPRegen 0.20/turn               (no ring)
MPRegen 0.10/turn               (no ring)

@: no status effects
A: antennae 1, high mp 1, sense surroundings 1
a: no special abilities


You were in the Dungeon.
You visited 1 branch You collected 26 gold pieces.

Inventory:

Hand Weapons
 a - a +0 war axe (weapon)
Missiles
 k - 17 arrows
Armour
 b - a +0 scale mail (worn)
 c - a +0 buckler (worn)
Scrolls
 j - 2 scrolls of blinking
 l - a scroll of immolation {unknown}
 m - 4 scrolls of identify
 o - a scroll of torment {unknown}
Potions
 d - a potion of might
 f - a potion of heal wounds
 h - 2 potions of magic
 n - a potion of flight {unknown}
 p - 2 potions of mutation


   Skills:
 * Level 9.6 Fighting
 * Level 9.9 Axes
 + Level 6.6 Armour
 + Level 6.7 Shields


You had 5 spell levels left.
You didn't know any spells.
Your spell library was empty.

Dungeon Overview and Level Annotations

Branches:
Dungeon (1/1)

Altars:
Okawaru
Trog
Uskayaw
Wu Jian
Beogh


Innate Abilities, Weirdness & Mutations

You have a pair of small antennae on your head.
You have an increased reservoir of magic. (+10% MP)
You passively map a small area around you.


Message History

Found a whip.
The human shouts!
There is an open door here.
The human hits you!
There is a hide-covered altar of Uskayaw here.
You hit the human.
The human is lightly wounded.
The human drinks a potion.
The human goes berserk!
You slash the human!
The human is moderately wounded.
The human hits you! The human hits you.
You hit the human.
The human is moderately wounded.
The human hits you.
You slash the human!
The human is heavily wounded.
The human hits you! x2
You barely miss the human.
The human is heavily wounded.
The human hits you!
* * * LOW HITPOINT WARNING * * *
You slash the human!
The human is severely wounded.
You block the human's attack. The human hits you.
* * * LOW HITPOINT WARNING * * *
You closely miss the human.
The human is severely wounded.
The human barely misses you.
You closely miss the human.
The human is severely wounded.
The human hits you but does no damage. The human closely misses you.
You hit the human.
The human is severely wounded.
You block the human's attack.
You barely miss the human.
The human is severely wounded.
The human hits you!
* * * LOW HITPOINT WARNING * * *
The human hits you.
You die...

▓▓ ▓▓▓ †#### ##.# #####
....#####..# #___#
.....#..#..#{ #@p)#, *
##...#..#..###+#'###+##
###).##'#..#....†.....#
,
.##..###...'.⌠........#
*
##..####...#...######+#
* ##..###....#.⌠.# , *
#...##÷....#...#_ ,*
....#......#+###
..##.#.....# * ,+ ,


You could see a human (berserk).

Vanquished Creatures
  A scorpion (D)
  A water elemental (D)
  Jessica (D)
  2 humans (D)
  2 endoplasms (D)
  A rat (D)
8 creatures vanquished.

Notes
Turn   | Place    | Note
-------+----------+-------------------------------------------
     0 | D        | anonymouscript the Hill Orc Fighter began the quest for the
                  | Orb.
     0 | D        | Reached XP level 1. HP: 19/19 MP: 1/1
    38 | D        | Noticed Jessica
    42 | D        | Killed Jessica
    43 | D        | Reached skill level 5 in Fighting
    43 | D        | Reached XP level 2. HP: 29/29 MP: 2/2
    43 | D        | Reached XP level 3. HP: 36/36 MP: 3/3
    51 | D        | Noticed a scorpion
    57 | D        | Killed a scorpion
    58 | D        | Reached skill level 5 in Armour
    58 | D        | Reached skill level 5 in Shields
    58 | D        | Reached XP level 4. HP: 28/45 MP: 4/4
   310 | D        | Noticed a water elemental
   334 | D        | Gained mutation: You are frail. (-10% HP) [potion of
                  | mutation]
   334 | D        | Gained mutation: You have a pair of small antennae on your
                  | head. [potion of mutation]
   335 | D        | Lost mutation: You have a pair of small antennae on your
                  | head. [potion of mutation]
   335 | D        | Lost mutation: You are frail. (-10% HP) [potion of
                  | mutation]
   335 | D        | Gained mutation: Your muscles are strong. (Str +2) [potion
                  | of mutation]
   335 | D        | Gained mutation: Your body sometimes deteriorates upon
                  | taking damage. [potion of mutation]
   336 | D        | Lost mutation: Your body sometimes deteriorates upon taking
                  | damage. [potion of mutation]
   336 | D        | Lost mutation: Your muscles are strong. (Str +2) [potion of
                  | mutation]
   336 | D        | Gained mutation: You have a pair of small antennae on your
                  | head. [potion of mutation]
   336 | D        | Gained mutation: Your spells are a little harder to cast,
                  | but a little more powerful. [potion of mutation]
   336 | D        | Gained mutation: You have sharp toenails. [potion of
                  | mutation]
   337 | D        | Lost mutation: You have sharp toenails. [potion of
                  | mutation]
   337 | D        | Lost mutation: Your spells are a little harder to cast, but
                  | a little more powerful. [potion of mutation]
   337 | D        | Gained mutation: You have an increased reservoir of magic.
                  | (+10% MP) [potion of mutation]
   337 | D        | Gained mutation: You passively map a small area around you.
                  | [potion of mutation]
   357 | D        | Killed a water elemental
   358 | D        | Reached XP level 5. HP: 50/53 MP: 5/5
   482 | D        | Found a hide-covered altar of Uskayaw.
   482 | D        | Found a roughly hewn altar of Beogh.
   482 | D        | Found an iron altar of Okawaru.
   482 | D        | Found a bloodstained altar of Trog.
   482 | D        | Found an ornate altar of the Wu Jian Council.
   482 | D        | Noticed a human
   499 | D        | Killed a human
   500 | D        | Reached XP level 6. HP: 28/64 MP: 6/6
   679 | D        | Noticed a human
   690 | D        | HP: 2/64 [human (11)]
   690 | D        | Slain by a human

Illustrated notes

Levels and vault maps discovered:
D:        dungeon_sprint_mu [sprint_mu_entry_cave, sprint_mu_temple_rooms,
          sprint_mu_d1_spiders, sprint_mu_d2_genie, sprint_mu_d3_branching,
          sprint_mu_orc_legion, sprint_mu_elf_gauntlet, sprint_mu_hive_nellie,
          sprint_mu_lair_fedhas, sprint_mu_vaults_butterflies,
          sprint_mu_slime_circle, sprint_mu_swamp_cave, sprint_mu_snake_twists,
          sprint_mu_blade_basic, sprint_mu_crypt_chambers,
          sprint_mu_tomb_spiral, sprint_mu_vestibule_basic,
          sprint_mu_gehenna_hellfire, sprint_mu_dis_giant,
          sprint_mu_tartarus_statrot, sprint_mu_cocytus_islands, sprint_mu_zot1]

Skill      XL: |  1  2  3  4  5 |
---------------+----------------+-----
Fighting       | 5 6 8 9 |  9.6
Axes           | 4 6 8 9 |  9.9
Armour         | 4 5 6 |  6.6
Shields        | 4 5 6 |  6.7

Action                   |  1- 3 |  4- 6 || total
-------------------------+-------+-------++-------
Melee: War axe           |     9 |    41 ||    50
  Use: Potion            |       |     8 ||     8
Armor: Scale mail        |     6 |     4 ||    10
Dodge: Dodged            |     4 |     9 ||    13
Block: Buckler           |     2 |     9 ||    11

Table legend: (Time is in decaauts)
 A = Elapsed time spent in this place.
 B = Non-inter-level travel time spent in this place.
 C = Inter-level travel time spent in this place.
 D = Time resting spent in this place.
 E = Time spent auto-exploring this place.
 F = Levels seen in this place.
 G = Mean time per level.
                   A        B        C        D        E       F      G
               +--------+--------+--------+--------+--------+-----+--------+
         Total |    689 |    689 |      0 |    517 |      4 |   1 |  689.0 |
       Dungeon |    689 |    689 |      0 |    517 |      4 |   1 |  689.0 |
               +--------+--------+--------+--------+--------+-----+--------+

Top non-repeatable levels by time:
       D: 689 daAuts
